 Dungeon Crawl Stone Soup version 0.27-a0-34-gc18c9092ac (webtiles) character file.

Game seed: 13360644660475148544

181 jesse the Magician (level 5, -3/40 HPs)
             Began as a Palentonga Hedge Wizard on Jan 4, 2021.
             Slain by a leopard gecko (4 damage)
             ... while paralysed by Grinder
             ... on level 3 of the Dungeon.
             The game lasted 00:25:49 (5851 turns).

jesse the Magician (Palentonga Hedge Wizard)        Turns: 5851, Time: 00:25:49

Health: -3/40      AC:  4    Str: 13    XL:     5   Next: 34%
Magic:  2/13       EV:  1    Int: 15    God:
Gold:   213        SH:  0    Dex: 10    Spells: 14/15 levels left

rFire    . . .     SeeInvis +   j - +3 mace (protect)
rCold    . . .     Faith    .   (no shield)
rNeg     . . .     Spirit   .   b - +0 robe
rPois    .         Reflect  .   c - +0 hat
rElec    .         Harm     .   (no cloak)
rCorr    .         Rampage  .   (no gloves)
Will     .....                  (no barding)
Stlth    +.........             (no amulet)
HPRegen  0.13/turn              (no ring)
MPRegen  0.13/turn              (no ring)

@: paralysed, lethally poisoned (-3 -> -6)
A: large, rugged brown scales 3, see invisible, deformed body, roll 1, armoured
tail
a: Rolling Charge


You were on level 3 of the Dungeon.
You visited 1 branch of the dungeon, and saw 3 of its levels.

You collected 213 gold pieces.

Inventory:

Hand Weapons
 a - a +0 dagger
 j - a +3 mace of protection (weapon)
Armour
 b - a +0 robe (worn)
 c - a +0 hat (worn)
Jewellery
 l - an uncursed ring of ice
 m - an uncursed ring of flight {unknown}
Wands
 n - a wand of random effects (23)
 q - a wand of flame (11)
Scrolls
 d - a scroll of remove curse {unknown}
 e - 2 scrolls of fog {unknown}
 f - 4 scrolls of identify {unknown}
 g - 3 scrolls of immolation {unknown}
 h - 2 scrolls of random uselessness {unknown}
 p - a scroll of noise {unknown}
 r - a scroll of amnesia {unknown}
Potions
 i - 2 potions of might
 k - a potion of brilliance {unknown}
 o - a potion of attraction {unknown}


   Skills:
 - Level 0.2 Maces & Flails
 - Level 1.5 Dodging
 - Level 1.2 Stealth
 + Level 5.7 Spellcasting
 - Level 0.8 Conjurations
 - Level 0.8 Summonings
 - Level 1.0 Translocations


You had 14 spell levels left.
You knew the following spells:

 Your Spells              Type           Power        Failure   Level
a - Magic Dart            Conj           24%          11%         1

Your spell library contained the following spells:

 Spells                   Type           Power        Failure   Level
 Blink                    Tloc           N/A          16%         2
 Call Imp                 Summ           6%           17%         2
 Slow                     Hex            4%           22%         2
 Conjure Flame            Conj/Fire      5%           36%         3
 Mephitic Cloud           Conj/Pois/Air  5%           38%         3


Dungeon Overview and Level Annotations

Branches:
Dungeon (3/15)

Altars:

Annotations:
D:3 Grinder, Terence


Innate Abilities, Weirdness & Mutations

You are completely covered in rugged brown scales. (AC +3, +7% HP)
You have supernaturally acute eyesight. (SInv)
Armour fits poorly on your strangely shaped body.
You can roll at nearby foes to attack.
You have a long armoured tail.


Message History

Grinder gestures at you.
You suddenly lose the ability to move!
Grinder blinks!
Terence hits you but does no damage.
You feel sick. The kobold hits you but does no damage.
Terence hits you with a +0 hand axe. The leopard gecko bites you.
The kobold hits you with a +0 short sword.
You feel sick.
The leopard gecko bites you but does no damage.
Terence hits you with a +0 hand axe.
The goblin throws a stone.
The stone hits you but does no damage. The leopard gecko bites you.
* * * LOW HITPOINT WARNING * * *
The kobold throws a stone.
The stone hits you but does no damage. Terence shouts, "Now you die!"
Terence hits you with a +0 hand axe!
* * * LOW HITPOINT WARNING * * *
The kobold hits you but does no damage.
The goblin throws a stone.
The stone hits you.
* * * LOW HITPOINT WARNING * * *
The leopard gecko bites you.
You die...

#.#.#.####.#.##....# #
#.#.#.. .....#....# #
#.#.######.####....# # #..
.##.. #....# # ... ....
#....# ####### #..
##..###....# ###......
#..#......# #....#### ..
#..@^5....# #.)..# ... #.
#@K....# #....#
.[.##.##.l....#####.##
.......Kg.....##.....# #
##..(.(########..)..#
##.####....(# #.....#
...........(# ###.....#
.......(....######.......#
.......(.....[.....#.....#
.......(...........#.....#


You could see Grinder, Terence, a leopard gecko, a goblin and 2 kobolds.

Vanquished Creatures
  Ijyb (D:3)
  A gnoll (D:3)
  7 adders
  3 dart slugs
  2 leopard geckos (D:3)
  3 orcs (D:3)
  6 bats
  6 giant cockroaches
  10 goblins
  10 hobgoblins
  6 jackals (D:3)
  3 kobolds
  A quokka (D:2)
  A frilled lizard (D:2)
  6 rats
66 creatures vanquished.

Notes
Turn   | Place    | Note
-------+----------+-------------------------------------------
     0 | D:1      | jesse the Palentonga Hedge Wizard began the quest for the
                  | Orb.
     0 | D:1      | Reached XP level 1. HP: 14/14 MP: 4/4
   954 | D:1      | Reached XP level 2. HP: 21/21 MP: 0/6
  2477 | D:2      | Reached skill level 4 in Spellcasting
  2477 | D:2      | Reached XP level 3. HP: 27/27 MP: 1/8
  3200 | D:2      | Reached XP level 4. HP: 35/35 MP: 5/10
  4040 | D:3      | Noticed Grinder
  4041 | D:3      | Noticed Ijyb
  4096 | D:2      | Reached skill level 5 in Spellcasting
  5580 | D:3      | Reached XP level 5. HP: 40/40 MP: 7/12
  5737 | D:3      | Killed Ijyb
  5825 | D:3      | Upgraded the game from 0.27-a0-29-g2d0a2396b0 to
                  | 0.27-a0-34-gc18c9092ac
  5845 | D:3      | Noticed Terence
  5846 | D:3      | Paralysed by Grinder for 6 turns
  5851 | D:3      | HP: 2/40 [Terence/+0 hand axe (10)]
  5851 | D:3      | Slain by a leopard gecko

Illustrated notes

Levels and vault maps discovered:
D:1:      amcnicky_arrival_feature_with_door, layout_basic
D:2:      layout_basic
D:3:      layout_basic, okawaru_altar_gauntlet_db, minmay_cut_off, uniq_terence,
          uniq_grinder, uniq_ijyb

Skill      XL: |  1  2  3  4 |
---------------+-------------+-----
Spellcasting   | 4 5 |  5.7
Maces & Flails | |  0.2
Dodging        | |  1.5
Stealth        | |  1.2
Conjurations   | |  0.8
Summonings     | |  0.8
Translocations | |  1.0

Action                   |  1- 3 |  4- 6 || total
-------------------------+-------+-------++-------
Melee: Dagger            |    34 |       ||    34
       Tailslap          |     5 |     3 ||     8
       Mace              |    22 |    30 ||    52
 Cast: Magic Dart        |    93 |   132 ||   225
  Use: Potion            |     2 |       ||     2
Armor: Robe              |    83 |    62 ||   145
Dodge: Dodged            |   103 |    81 ||   184

Table legend: (Time is in decaauts)
 A = Elapsed time spent in this place.
 B = Non-inter-level travel time spent in this place.
 C = Inter-level travel time spent in this place.
 D = Time resting spent in this place.
 E = Time spent auto-exploring this place.
 F = Levels seen in this place.
 G = Mean time per level.
                   A        B        C        D        E       F      G
               +--------+--------+--------+--------+--------+-----+--------+
         Total |   5876 |   5818 |     58 |   2088 |   2754 |   3 | 1958.7 |
       Dungeon |   5876 |   5818 |     58 |   2088 |   2754 |   3 | 1958.7 |
               +--------+--------+--------+--------+--------+-----+--------+

Top non-repeatable levels by time:
     D:1: 2411 daAuts
     D:3: 1850 daAuts
     D:2: 1614 daAuts
